Map: Ruins of Seras

Players

MileyCyrus - Winner!

  • Race: Protoss Protoss
  • League: Silver

암행반

  • Race: Protoss Protoss
  • League: Silver

VOD

Have the link to the VOD?

Description

Time

  • Played on: Sept. 26, 2015, 5:45 a.m.
  • Length: 7:24
Show
View Real Time Build Order
Export as new Build Order

MileyCyrus Protoss - Winner!

Build Orders: Dark Templar Rush 

Get SALT Encoding   

  12  0:00  Probe (Chrono Boost)  
  13  0:13  Pylon  
  13  0:17  Probe (Chrono Boost)  
  14  0:31  Gateway  
  14  0:33  Probe (Chrono Boost)  
  15  0:43  Probe (Chrono Boost)  
  15  0:48  Assimilator  
  16  0:53  Probe (Chrono Boost)  
  17  1:03  Probe (Chrono Boost)  
  18  1:13  Probe (Chrono Boost)  
  19  1:19  Cybernetics Core  
  19  1:24  Pylon  
  19  1:25  Probe (Chrono Boost)  
  20  1:35  Probe (Chrono Boost)  
  20  1:39  Assimilator  
  21  1:45  Probe (Chrono Boost)  
  22  1:55  Twilight Council  
  22  2:00  Probe (Chrono Boost)  
  23  2:05  Warp Gate  
  25  2:09  Adept  
  25  2:13  Probe (Chrono Boost)  
  26  2:29  Nexus  
  26  2:40  Pylon  
  26  2:48  Probe (Chrono Boost)  
  26  2:49  Pylon  
  27  2:54  Gateway  
  27  3:07  Dark Shrine  
  27  3:09  Probe (Chrono Boost)  
  28  3:21  Probe (Chrono Boost)  
  29  3:31  Probe (Chrono Boost)  
  30  3:36  Robotics Facility  
  30  3:37  Pylon  
  30  3:40  Probe x2 (Chrono Boost)  
  32  3:50  Probe (Chrono Boost)  
  33  4:01  Pylon  
  33  4:05  Pylon  
  33  4:11  Probe (Chrono Boost)  
  33  4:12  Probe (Chrono Boost)  
  35  4:20  Dark Templar x2  
  35  4:23  Probe x2 (Chrono Boost)  
  41  4:33  Mothership Core (Chrono Boost), Probe (Chrono Boost)  
  44  4:43  Probe (Chrono Boost)  
  45  4:53  Probe (Chrono Boost)  
  45  4:59  Dark Templar x2  
  50  5:03  Probe x2 (Chrono Boost)  
  52  5:09  Immortal  
  56  5:26  Probe (Chrono Boost)  
  56  5:27  Probe (Chrono Boost)  
  58  5:32  Assimilator  
  58  5:33  Assimilator  
  58  5:38  Probe (Chrono Boost)  
  59  5:46  Gateway  
  59  5:47  Gateway  
  59  6:02  Stalker  
  59  6:03  Stalker, Probe (Chrono Boost)  
  59  6:04  Probe (Chrono Boost)  
  65  6:15  Probe (Chrono Boost)  
  66  6:23  Probe (Chrono Boost)  
  67  6:28  Pylon  
  67  6:31  Pylon  
  67  6:40  Probe (Chrono Boost)  
  72  6:47  Gateway  
  72  6:48  Gateway  
  72  6:58  Dark Templar x2  
  72  7:10  Dark Templar  
Show
View Real Time Build Order
Export as new Build Order

암행반 Protoss 

Build Orders:  

Get SALT Encoding   

  12  0:00  Probe (Chrono Boost)  
  13  0:10  Probe (Chrono Boost)  
  14  0:20  Probe (Chrono Boost)  
  15  0:25  Pylon  
  15  0:29  Assimilator  
  15  0:44  Gateway  
  15  0:49  Probe (Chrono Boost)  
  16  0:57  Pylon  
  16  0:59  Probe (Chrono Boost)  
  17  1:08  Probe (Chrono Boost)  
  18  1:18  Probe (Chrono Boost)  
  19  1:28  Probe (Chrono Boost)  
  19  1:32  Cybernetics Core  
  20  1:38  Probe (Chrono Boost)  
  21  1:46  Assimilator  
  21  2:00  Nexus  
  21  2:04  Warp Gate (Chrono Boost)  
  21  2:11  Probe (Chrono Boost)  
  21  2:15  Stalker  
  24  2:23  Probe (Chrono Boost)  
  25  2:33  Gateway  
  25  2:39  Probe  
  26  2:46  Pylon  
  26  2:51  Mothership Core  
  27  3:09  Gateway  
  27  3:13  Gateway  
  27  3:28  Probe (Chrono Boost)  
  27  3:32  Probe (Chrono Boost)  
  29  3:46  Probe (Chrono Boost)  
  30  3:51  Probe (Chrono Boost)  
  30  3:52  Pylon  
  31  4:05  Stalker x3  
  31  4:08  Stalker  
  39  4:13  Gateway  
  39  4:20  Probe x2 (Chrono Boost)  
  41  4:30  Stalker  
  41  4:31  Stalker  
  45  4:33  Stalker  
  45  4:36  Sentry  
  49  4:40  Probe x2 (Chrono Boost)  
  29  5:37  Robotics Facility  
  28  6:24  Observer (Chrono Boost)  
Tags
 
Add a new tag
Caveats
  • Supply blocks, unpowered buildings, or Contaminate may cause inaccurate times.
  • Supply counts are checked every 10 seconds.